 Dungeon Crawl Stone Soup version 0.29-a0-323-g050149af67 (webtiles) character file.

Game seed: 11375609158620569834

5087 kae the Zephyrmancer (level 10, -1/81 HPs)
             Began as an Ogre Air Elementalist on Apr 11, 2022.
             Was an Initiate of Gozag.
             Slain by a two-headed ogre
             ... wielding a +0 giant club
              (8 damage)
             ... on level 8 of the Dungeon.
             The game lasted 00:09:04 (14424 turns).

kae the Zephyrmancer (Ogre Air Elementalist)       Turns: 14424, Time: 00:09:05

Health: -1/81      AC:  3    Str: 14    XL:     10   Next: 57%
Magic:  1/18       EV:  9    Int: 20    God:    Gozag
Gold:   1580       SH:  5    Dex:  9    Spells: 13/23 levels left

rFire   . . .      SeeInvis +   d - staff of air
rCold   . . .      Faith    .   (no shield)
rNeg    . . .      Spirit   .   a - +0 robe
rPois   .          Reflect  +   (helmet restricted)
rElec   +          Harm     .   (no cloak)
rCorr   .          Rampage  .   (gloves unavailable)
Will    +....                   (boots unavailable)
Stlth   +.........              h - amulet of reflection
HPRegen 0.23/turn               q - ring of see invisible
MPRegen 0.16/turn               (no ring)

@: no status effects
A: large, unfitting armour, tough skin 1, hooves 1, low MP 1
a: Renounce Religion, Potion Petition, Call Merchant, Bribe Branch


You were on level 8 of the Dungeon.
You worshipped Gozag.
Gozag was most pleased with you.
You visited 2 branches of the dungeon, and saw 9 of its levels.
You also visited: Ossuary.

You collected 1660 gold pieces.
You paid 80 gold pieces to Gozag.

Inventory:

Armour
 a - a +0 robe (worn)
 o - a +0 cloak
Magical Staves
 d - a staff of air (weapon)
Jewellery
 h - an amulet of reflection (around neck)
 n - a ring of fire
 q - a ring of see invisible (left hand)
 y - an amulet of the acrobat
Wands
 b - a wand of polymorph (4)
 k - a wand of flame (17)
 l - a wand of acid (6)
 t - a wand of paralysis (8)
 A - a wand of mindburst (9)
 B - a wand of iceblast (7)
Scrolls
 g - a scroll of fear
 i - a scroll of magic mapping
 j - 2 scrolls of teleportation
 m - 2 scrolls of fog
 p - 2 scrolls of enchant weapon
 r - 9 scrolls of identify
 s - a scroll of acquirement
 w - a scroll of immolation
 x - a scroll of amnesia
 D - a scroll of noise {unknown}
Potions
 c - 3 potions of attraction
 e - a potion of resistance
 f - a potion of flight
 u - 3 potions of curing
 v - 2 potions of mutation
 z - 2 potions of haste
 C - a potion of degeneration {unknown}
 E - a potion of ambrosia {unknown}


   Skills:
 + Level 5.8 Staves
 - Level 1.7 Dodging
 - Level 1.4 Stealth
 + Level 7.4 Spellcasting
 + Level 5.7 Conjurations
 * Level 8.9 Air Magic
 + Level 4.8 Evocations


You had 13 spell levels left.
You knew the following spells:

 Your Spells              Type           Power      Damage    Failure   Level
a - Shock                 Conj/Air       100%       1d9       1%          1
b - Static Discharge      Conj/Air       53%        N/A       1%          2
c - Swiftness             Air            59%        N/A       1%          3
d - Airstrike             Air            29%        N/A       2%          4

Your spell library contained the following spells:

 Spells                   Type           Power      Damage    Failure   Level
 Corpse Rot               Necr/Air       74%        N/A       2%          2
 Poisonous Vapours        Pois/Air       74%        N/A       2%          2
 Animate Skeleton         Necr           14%        N/A       9%          1
 Apportation              Tloc           14%        N/A       9%          1
 Summon Small Mammal      Summ           28%        N/A       9%          1
 Confusing Touch          Hex            7%         N/A       26%         3
 Gell's Gravitas          Tloc           7%         N/A       26%         3
 Lesser Beckoning         Tloc           7%         N/A       26%         3
 Teleport Other           Tloc           7%         N/A       26%         3
 Yara's Violent Unravell  Hex/Tmut       3%         3d4       94%         5
 Enfeeble                 Hex            3%         N/A       100%        7


Dungeon Overview and Level Annotations

Branches:
Dungeon (8/15)             Temple (1/1) D:4         Ossuary (visited)
   Lair: D:8-11

Altars:
Ashenzari
Cheibriados
Dithmenos
Elyvilon
Fedhas
Gozag
Hepliaklqana
Kikubaaqudgha
Makhleb
Nemelex Xobeh
Okawaru
Qazlal
Ru
Sif Muna
Trog
Uskayaw
Vehumet
Xom
Yredelemnul
Zin
The Shining One

Annotations:
D:2 Terence


Innate Abilities, Weirdness & Mutations

You are too large for most types of armour.
You have tough skin. (AC +1)
You have large cloven feet.
Your magical capacity is low. (-10% MP)


Message History

Confirm with . or Enter, or press ? or * to list all spells.
Aiming: Airstrike (dangerous; 2% risk of failure)
Press: ? - help, Dir - move target, f/p - two-headed ogre
Aim: a two-headed ogre, wielding two +0 giant clubs (lightly wounded, empty space bonus: 3/8)
You feel a surge of power!
The air twists around and strikes the two-headed ogre!
The two-headed ogre is moderately wounded.
Casting: Airstrike (dangerous; 2% risk of failure)
Confirm with . or Enter, or press ? or * to list all spells.
Aiming: Airstrike (dangerous; 2% risk of failure)
Press: ? - help, Dir - move target, f/p - two-headed ogre
Aim: a two-headed ogre, wielding two +0 giant clubs (moderately wounded, empty space bonus: 2/8)
You feel a surge of power!
The air twists around and strikes the two-headed ogre!
The two-headed ogre is heavily wounded.
The two-headed ogre hits you with a +0 giant club!!
The two-headed ogre hits you with a +0 giant club!
Casting: Airstrike (dangerous; 2% risk of failure)
Confirm with . or Enter, or press ? or * to list all spells.
Aiming: Airstrike (dangerous; 2% risk of failure)
Press: ? - help, Dir - move target, f/p - two-headed ogre
Aim: a two-headed ogre, wielding two +0 giant clubs (heavily wounded, empty space bonus: 2/8)
You feel a surge of power!
The air twists around and strikes the two-headed ogre!
The two-headed ogre is severely wounded.
Okay, then.
Casting: Airstrike (dangerous; 2% risk of failure)
Confirm with . or Enter, or press ? or * to list all spells.
You feel a surge of power!
The two-headed ogre is struck by an arc of lightning.
The two-headed ogre is severely wounded.
You resist.
You are struck by an arc of lightning.
The two-headed ogre is struck by an arc of lightning.
The two-headed ogre is almost dead.
The lightning grounds out.
The two-headed ogre hits you with a +0 giant club!!
* * * LOW HITPOINT WARNING * * *
The two-headed ogre hits you with a +0 giant club!
You die...
Your body crumbles into a pile of gold.

#...# #..#
###.# #..# #.#
#...
####.########.#
#............
#.##.########
#.##.# # #.##.#
.. #@##.# #
#O##.# #.##.#
#.##.#
#........
#########


You could see a two-headed ogre.

Vanquished Creatures
  Maggie (D:6)
  Grinder (D:3)
  Sigmund (D:3)
  2 wyverns (D:8)
  Eustachio (D:4)
  3 yaks (D:8)
  3 steam dragons
  2 water moccasins
  2 black bears
  2 ogres
  3 centaurs
  A phantom (D:5)
  2 necrophages (D:7)
  Blork the orc (D:5)
  A bullfrog (D:6)
  A gnoll sergeant (D:8)
  4 scorpions
  6 wights
  5 howler monkeys
  2 centaur zombies (Ossuary)
  4 jellies
  5 hounds
  5 orc priests
  A human zombie (Ossuary)
  A gnoll shaman (D:4)
  Natasha (thrice) (D:2)
  2 iguanas
  8 orc wizards
  2 hound zombies (Ossuary)
  3 mummies (Ossuary)
  Robin (D:2)
  12 gnolls
  A river rat (D:6)
  7 adders
  A white imp (D:7)
  3 adder zombies (Ossuary)
  5 worms
  2 dart slugs (D:1)
  21 orcs
  3 ball pythons
  13 endoplasms
  6 giant cockroaches
  10 goblins
  17 hobgoblins
  11 kobolds
  5 quokkas
  3 bats
  A frilled lizard (D:1)
  2 gnoll zombies (Ossuary)
  5 goblin zombies (Ossuary)
  4 hobgoblin zombies (Ossuary)
  6 jackal zombies (Ossuary)
  3 kobold zombies (Ossuary)
  3 orc zombies (Ossuary)
  3 quokka zombies (Ossuary)
  9 rats
  2 rat zombies (Ossuary)
237 creatures vanquished.

Vanquished Creatures (others)
  2 fungi (D:4)
  8 toadstools (D:4)
10 creatures vanquished.

Grand Total: 247 creatures vanquished

Notes
Turn   | Place    | Note
-------+----------+-------------------------------------------
     0 | D:1      | kae the Ogre Air Elementalist began the quest for the Orb.
     0 | D:1      | Reached XP level 1. HP: 16/16 MP: 3/3
    26 | D:1      | Reached skill level 1 in Conjurations
   347 | D:1      | Reached XP level 2. HP: 24/24 MP: 3/5
   383 | D:1      | Reached skill level 3 in Air Magic
   792 | D:1      | Found a faded altar of an unknown god.
  1005 | D:1      | Reached XP level 3. HP: 28/31 MP: 1/7
  1377 | D:1      | Identified a scroll of acquirement
  1377 | D:1      | Acquired a staff of air
  1468 | D:2      | Noticed Terence
  1607 | D:2      | Noticed Natasha
  1611 | D:2      | Killed Natasha
  1612 | D:2      | Reached XP level 4. HP: 33/39 MP: 3/8
  1946 | D:2      | Noticed Robin
  1950 | D:2      | Killed Robin
  2567 | D:2      | Noticed Natasha
  2572 | D:2      | Killed Natasha
  2573 | D:2      | Reached skill level 4 in Air Magic
  2573 | D:2      | Reached XP level 5. HP: 45/45 MP: 2/10
  2642 | D:2      | Noticed Natasha
  2648 | D:2      | Killed Natasha
  2890 | D:2      | Learned a level 2 spell: Static Discharge
  2894 | D:2      | Learned a level 3 spell: Swiftness
  2899 | D:2      | Learned a level 4 spell: Airstrike
  3267 | D:3      | Noticed Grinder
  3284 | D:3      | Gained mutation: Your magical capacity is low. (-10% MP)
                  | [potion of mutation]
  3284 | D:3      | Gained mutation: You have large cloven feet. [potion of
                  | mutation]
  3289 | D:3      | Killed Grinder
  3290 | D:3      | Reached skill level 1 in Staves
  3290 | D:3      | Reached skill level 1 in Evocations
  3290 | D:3      | Reached XP level 6. HP: 13/53 MP: 1/10
  3691 | D:3      | Noticed Sigmund
  3703 | D:3      | Killed Sigmund
  3704 | D:3      | Reached skill level 5 in Air Magic
  3704 | D:3      | Reached XP level 7. HP: 35/59 MP: 1/12
  4661 | D:4      | Noticed Eustachio
  4936 | D:4      | Found a staircase to the Ecumenical Temple.
  5019 | Temple   | Entered the Ecumenical Temple
  5137 | Temple   | Became a worshipper of Gozag Ym Sagoz the Greedy
  5386 | D:4      | Reached XP level 8. HP: 67/67 MP: 7/13
  5920 | D:4      | Killed Eustachio
  6096 | D:4      | Reached skill level 5 in Spellcasting
  6366 | D:4      | Reached skill level 6 in Air Magic
  7290 | D:5      | Entered Level 5 of the Dungeon
  8283 | D:5      | Reached XP level 9. HP: 74/74 MP: 6/15
  8931 | D:5      | Noticed Blork the orc
  8934 | D:5      | Killed Blork the orc
  8935 | D:5      | Reached skill level 7 in Air Magic
  9685 | D:6      | Found a sand-covered staircase.
  9690 | Ossuary  | Entered an ossuary
 10224 | D:6      | Noticed Maggie
 10236 | D:6      | Killed Maggie
 11704 | D:7      | Reached skill level 5 in Conjurations
 11883 | D:7      | Reached skill level 5 in Staves
 11994 | D:7      | Reached skill level 8 in Air Magic
 12024 | D:7      | Reached XP level 10. HP: 81/81 MP: 9/18
 12142 | D:7      | Identified the +6 great mace of Masuez {drain, rPois}
 12812 | D:8      | Noticed a two-headed ogre
 14424 | D:8      | Slain by a two-headed ogre

Illustrated notes

Levels and vault maps discovered:
D:1:      psy_arrival_dodecagon, layout_loops_ring,
          ebering_ecumenical_altar_ruins, grunt_decor_clamped
D:2:      minmay_chambers_of_twos, layout_basic, uniq_natasha, uniq_robin,
          uniq_terence
D:3:      layout_loops_ring, hangedman_decor_clover_reticule, uniq_sigmund,
          uniq_grinder
D:4:      cheibrodos_fertilizer, layout_loops_corners, minmay_temple_entry_hall,
          uniq_eustachio
D:5:      layout_basic, minmay_quadrilaterals, uniq_blork_the_orc
D:6:      layout_gridville, nicolae_ossuary_entry_false_entrances,
          portal_sewer_entry_b, wad_floor_pattern_untrapped, uniq_maggie
D:7:      layout_rooms, serial_aquarium, aquarium_bridge_straight
          [aquarium_subvault_bridge, aquarium_subvault_window,
          aquarium_subvault_bridge, aquarium_subvault_wall],
          aquarium_window_fake, aquarium_window_fake, aquarium_view_4,
          aquarium_pool_2
D:8:      layout_loops_ring, minmay_fractal_squares_diagonal_5
Temple:   compressed_dpeg_circular_temple

Skill      XL: |  1  2  3  4  5  6  7  8  9 10 |
---------------+-------------------------------+-----
Conjurations   | 1 2 3 4 5 |  5.7
Air Magic      | 3 4 5 6 8 |  8.9
Spellcasting   | 3 4 5 6 7 |  7.4
Staves         | 1 2 3 5 |  5.8
Evocations     | 1 2 3 4 |  4.8
Dodging        | |  1.7
Stealth        | |  1.4

Action                   |  1- 3 |  4- 6 |  7- 9 | 10-12 || total
-------------------------+-------+-------+-------+-------++-------
Melee: Unarmed           |    28 |       |     1 |       ||    29
       Punch             |     1 |       |     1 |       ||     2
       Staff             |     1 |    24 |   138 |       ||   163
       Kick              |       |       |    44 |       ||    44
 Cast: Shock             |    55 |    69 |   155 |    17 ||   296
       Airstrike         |       |     2 |    42 |    56 ||   100
       Static Discharge  |       |     1 |    58 |     4 ||    63
       Swiftness         |       |       |     1 |       ||     1
  Use: Scroll            |     3 |     5 |    12 |       ||    20
       Potion            |       |     3 |     4 |       ||     7
Armor: Robe              |    10 |    11 |   100 |     1 ||   122
       Skin              |       |     1 |       |       ||     1
Dodge: Dodged            |    19 |    13 |   152 |     3 ||   187
Block: Other             |       |       |       |     3 ||     3
       Reflection        |       |       |       |     1 ||     1

Table legend: (Time is in decaauts)
 A = Elapsed time spent in this place.
 B = Non-inter-level travel time spent in this place.
 C = Inter-level travel time spent in this place.
 D = Time resting spent in this place.
 E = Time spent auto-exploring this place.
 F = Levels seen in this place.
 G = Mean time per level.
                   A        B        C        D        E       F      G
               +--------+--------+--------+--------+--------+-----+--------+
         Total |  14433 |  13993 |    440 |   1631 |  10697 |  10 | 1443.3 |
       Dungeon |  13588 |  13170 |    418 |   1398 |  10411 |   8 | 1698.5 |
        Temple |    363 |    342 |     21 |    233 |     89 |   1 |  363.0 |
       Ossuary |    481 |    481 |      0 |      0 |    197 |   1 |  481.0 |
               +--------+--------+--------+--------+--------+-----+--------+

Top non-repeatable levels by time:
     D:4: 2720 daAuts
     D:2: 1859 daAuts
     D:5: 1749 daAuts
     D:7: 1664 daAuts
     D:3: 1536 daAuts
     D:6: 1480 daAuts
     D:1: 1386 daAuts
     D:8: 1190 daAuts
 Ossuary: 481 daAuts
  Temple: 363 daAuts
